 Dungeon Crawl Stone Soup version 0.31-a0-675-g238779eb0a (webtiles) character file.

Game seed: 15426270055342920629

4960 microfolk the Fighter (level 10, 0/83 HPs)
             Began as a Barachi Reaver on Sept 5, 2023.
             Slain by a soul eater (15 damage)
             ... summoned by a kobold demonologist
             ... on level 9 of the Dungeon.
             The game lasted 00:36:06 (11940 turns).

microfolk the Fighter (Barachi Reaver)             Turns: 11940, Time: 00:36:07

Health: 0/83       AC:  8    Str: 14    XL:     10   Next: 53%
Magic:  14/21      EV: 12    Int: 18    God:
Gold:   587        SH:  0    Dex: 16    Spells: 10/24 levels left

rFire   . . .        a - +1 whip (elec)
rCold   . . .        (no shield)
rNeg    . . .        x - +0 leather armour
rPois   .            C - +0 helmet
rElec   .            (no cloak)
rCorr   .            (no gloves)
SInv    .            (no boots)
Will    .....        (no amulet)
Stlth   +            A - +6 ring of dexterity
HPRegen 0.33/turn    M - +4 ring of protection
MPRegen 0.17/turn

%: no passive effects
@: about to teleport, unable to hop, slow
A: amphibious, slowness 1, strong legs 1, +LOS
a: Hop


You were on level 9 of the Dungeon.
You visited 2 branches of the dungeon, and saw 10 of its levels.
You also visited: Ossuary.

You collected 587 gold pieces.

Inventory:

Hand Weapons
 a - a +1 whip of electrocution (weapon)
 b - a +0 sling
 B - a +2 flail of venom
 H - a +1 heavy falchion
 K - a +2 antimagic falchion
Missiles
 k - 57 stones (quivered)
 l - 11 poisoned darts
 G - 6 curare-tipped darts
 I - 2 throwing nets
Armour
 x - a +0 leather armour (worn)
 C - a +0 helmet (worn)
Magical Staves
 N - a staff of conjuration
Jewellery
 d - a ring of willpower
 h - a ring of protection from cold
 u - a ring of see invisible
 A - a +6 ring of dexterity (left hand)
 M - a +4 ring of protection (right hand)
Wands
 L - a wand of quicksilver (13)
 O - a wand of flame (21)
 P - a wand of polymorph (2)
Scrolls
 e - 2 scrolls of noise {unknown}
 g - 3 scrolls of teleportation
 j - 2 scrolls of vulnerability {unknown}
 m - 2 scrolls of enchant weapon {unknown}
 n - 3 scrolls of immolation {unknown}
 p - 3 scrolls of poison {unknown}
 q - a scroll of fear {unknown}
 r - 4 scrolls of revelation
 t - a scroll of acquirement {unknown}
 y - a scroll of blinking {unknown}
 z - 2 scrolls of amnesia {unknown}
 D - a scroll of fog {unknown}
 J - a scroll of brand weapon {unknown}
Potions
 c - 3 potions of ambrosia
 f - 2 potions of mutation {unknown}
 i - 3 potions of brilliance
 o - 2 potions of enlightenment
 s - a potion of curing {@q1}
 v - 2 potions of heal wounds {@q2}
 w - 3 potions of resistance {unknown}
 E - 3 potions of attraction
 F - 2 potions of haste {unknown}


   Skills:
 + Level 9.0 Fighting
 - Level 3.6 Long Blades
 - Level 3.0 Maces & Flails
 - Level 2.1 Dodging
 + Level 7.5 Spellcasting
 - Level 8.0 Conjurations
 * Level 3.0 Summonings
 - Level 6.0 Fire Magic
 - Level 7.1 Ice Magic


You had 10 spell levels left.
You knew the following spells:

 Your Spells              Type           Power      Damage    Failure   Level
a - Kiss of Death         Conj/Necr      84%        2d11      2%          1
b - Hailstorm             Conj/Ice       34%        3d9       1%          3
c - Momentum Strike       Conj/Tloc      42%        3d9       3%          2
d - Sticky Flame          Conj/Fire      32%        2d5       8%          4
e - Summon Ice Beast      Ice/Summ       25%        N/A       16%         4

Your spell library contained the following spells:

 Spells                   Type           Power      Damage    Failure   Level
 Sandblast                Erth           12%        2d6       13%         1
 Ignite Poison            Fire/Tmut/Pois 14%        N/A       17%         3
 Sublimation of Blood     Necr           6%         N/A       21%         2
 Irradiate                Conj/Tmut      10%        3d15      56%         5
 Petrify                  Tmut/Erth      6%         N/A       78%         4
 Summon Mana Viper        Hex/Summ       12%        N/A       88%         5
 Monstrous Menagerie      Summ           8%         N/A       100%        7
 Ignition                 Fire           14%        3d6       100%        8


Dungeon Overview and Level Annotations

Branches:
Dungeon (9/15)             Temple (1/1) D:5            Lair (0/5) D:9
Ossuary (visited)
    Orc: D:9-12

Altars:
Dithmenos
Fedhas
Gozag
Hepliaklqana
Makhleb
Okawaru
Qazlal
Sif Muna
Trog
Uskayaw
Wu Jian
Xom
Yredelemnul
The Shining One

Shops:
D:1 =[=   D:5 (

Annotations:
D:1 exclusion: downstairs
D:4 exclusion: downstairs
D:5 exclusion: downstairs
D:9 Prince Ribbit


Innate Abilities, Weirdness & Mutations

You are amphibious.
You cover ground slowly.
You can hop short distances.
You have an extended range of vision and can be seen from far away.


Message History

The kobold demonologist shouts!
The vampire burns!
The kobold demonologist gestures wildly while chanting.
The kobold demonologist hits you but does no damage.
The soul eater draws from the surrounding life force!
As you read the scroll of teleportation, it crumbles to dust.
You feel strangely unstable. Prince Ribbit misses you.
The kobold demonologist closely misses you.
The soul eater draws from the surrounding life force!
Unknown command.
Casting: Sticky Flame (dangerous; 8% risk of failure)
Confirm with . or Enter, or press ? or * to list all spells.
Aiming: Sticky Flame (dangerous; 8% risk of failure)
Press: ? - help, Shift-Dir - straight line, f - Prince Ribbit
Aim: Prince Ribbit (lightly wounded)
The sticky flame hits Prince Ribbit!
Prince Ribbit is moderately wounded.
Prince Ribbit is covered in liquid flames!
Prince Ribbit burns!
Prince Ribbit barely misses you.
Prince Ribbit blinks!
The kobold demonologist misses you.
The soul eater draws from the surrounding life force!
* * * LOW HITPOINT WARNING * * *
You hit the kobold demonologist.
The kobold demonologist is lightly wounded.
Prince Ribbit burns!
The kobold demonologist closely misses you.
The soul eater draws from the surrounding life force!
* * * LOW HITPOINT WARNING * * *
You hit the kobold demonologist.
The kobold demonologist is lightly wounded.
Prince Ribbit hits you.
* * * LOW HITPOINT WARNING * * *
A yak comes into view.
The kobold demonologist hits you with a +0 dagger.
* * * LOW HITPOINT WARNING * * *
The vampire gestures wildly while chanting.
The vampire flickers and vanishes!
Deactivating autopickup; reactivate with Ctrl-A.
The soul eater hits you!
You die...

.......#....##...#***,,*,** *,,**
.......#..#......## **,,,,* *,**
.......#..........#****,*,***,**
.......#...........,,,,,,,,,,,,*
......<...........*,,#./.,,,,,,**
...!..............,,.....,,,,,,,,
..[............."##*...#.,,,,,,**
.##.#.......$#...K#*#...#*******
.##.#.##.#......@3###.#.#
###...##.###..>.§FY...#.#### *
#####.##.####..>.{##.......# *
...##..........#)...#..###.# *
##....#...####.##.[<..[.Y..#####*
*,,,,,,,,,.........#.>.##......#.
,,**,,,,,,.........##............
****,,,,,,.......).#..##.......##
* *,,,,,,.........#.#####.....#*


You could see a soul eater (summoned), a kobold demonologist, Prince Ribbit
(burning) and 2 yaks.

Vanquished Creatures
  Pikel (D:7)
  A kobold demonologist (D:9)
  Sigmund (D:6)
  3 water moccasins
  2 ice beasts
  An orc warrior (D:7)
  A sky beast (D:8)
  2 ogres
  A centaur (D:8)
  2 phantoms
  A kobold brigand (D:8)
  2 bullfrogs
  12 scorpions
  6 wights
  6 killer bees
  3 howler monkeys (D:8)
  A jelly (D:4)
  A centaur zombie (Ossuary)
  4 hounds
  4 human zombies (Ossuary)
  An orc priest (D:5)
  3 gnoll boudas
  A sleepcap (D:5)
  9 scorpion zombies (Ossuary)
  5 iguanas
  8 orc wizards
  3 mummies (Ossuary)
  20 gnolls
  7 adders
  A white imp (D:6)
  An ufetubus (D:6)
  2 worms
  5 dart slugs
  20 orcs
  5 ball pythons
  6 bats
  6 endoplasms
  2 giant cockroaches
  3 gnoll zombies (Ossuary)
  4 hobgoblins
  7 kobolds
  2 quokkas
  2 frilled lizards (D:2)
  7 goblins
  3 goblin zombies (Ossuary)
  2 hobgoblin zombies (Ossuary)
  2 kobold zombies (Ossuary)
  3 rats
195 creatures vanquished.

Notes
Turn   | Place    | Note
-------+----------+-------------------------------------------
     0 | D:1      | microfolk the Barachi Reaver began the quest for the Orb.
     0 | D:1      | Reached XP level 1. HP: 17/17 MP: 3/3
   247 | D:1      | Reached XP level 2. HP: 13/23 MP: 5/5
   412 | D:1      | Found Zagoite's Armour Shoppe.
   419 | D:1      | Found Ifiz's Jewellery Boutique.
   593 | D:1      | Found Nomigg's Jewellery Shoppe.
   679 | D:1      | Reached XP level 3. HP: 25/28 MP: 6/6
   812 | D:1      | Reached skill level 3 in Fighting
   963 | D:1      | Found a faded altar of an unknown god.
  1641 | D:2      | Reached XP level 4. HP: 26/28 MP: 8/8
  2711 | D:4      | Noticed a scorpion
  2718 | D:4      | Killed a scorpion
  2719 | D:4      | Reached skill level 5 in Conjurations
  2719 | D:4      | Reached XP level 5. HP: 19/38 MP: 7/9
  2805 | D:4      | Found a shimmering blue altar of Sif Muna.
  2818 | D:4      | Found a sand-covered staircase.
  2840 | Ossuary  | Entered an ossuary
  2854 | Ossuary  | Reached skill level 4 in Fighting
  2862 | Ossuary  | Reached XP level 6. HP: 25/47 MP: 9/11
  2974 | Ossuary  | Learned a level 3 spell: Hailstorm
  3079 | Ossuary  | Reached skill level 1 in Ice Magic
  3187 | Ossuary  | Reached XP level 7. HP: 36/55 MP: 11/13
  3362 | Ossuary  | Reached skill level 5 in Fighting
  4219 | Ossuary  | HP: 2/46 [poisoned by a scorpion]
  4405 | Ossuary  | Reached XP level 8. HP: 38/54 MP: 15/15
  4468 | Ossuary  | Learned a level 2 spell: Momentum Strike
  4493 | Ossuary  | Reached skill level 5 in Ice Magic
  4630 | Ossuary  | Reached skill level 5 in Spellcasting
  4781 | Ossuary  | Reached skill level 6 in Fighting
  5543 | D:4      | Got Sif Muna's Almanac of Minerals
  6276 | D:5      | Entered Level 5 of the Dungeon
  6510 | D:4      | Learned a level 4 spell: Sticky Flame
  6512 | D:5      | Found Izoova Geuri's Antique Weapon Boutique.
  6583 | D:4      | Reached skill level 1 in Fire Magic
  6894 | D:5      | Reached XP level 9. HP: 71/71 MP: 7/17
  7013 | D:5      | Reached skill level 7 in Fighting
  7161 | D:5      | Found a staircase to the Ecumenical Temple.
  7179 | Temple   | Entered the Ecumenical Temple
  7607 | D:5      | HP: 5/108 [poisoned by a water moccasin]
  8266 | D:6      | Noticed Sigmund
  8785 | D:6      | Killed Sigmund
  9132 | D:6      | Reached skill level 5 in Fire Magic
  9622 | D:7      | Reached skill level 8 in Fighting
  9852 | D:7      | Noticed Pikel
  9883 | D:7      | Killed Pikel
  9884 | D:7      | Reached XP level 10. HP: 41/80 MP: 10/20
 10710 | D:7      | Reached skill level 1 in Maces & Flails
 10919 | D:8      | Found a shadowy altar of Dithmenos.
 11017 | D:8      | Learned a level 4 spell: Summon Ice Beast
 11195 | D:8      | Reached skill level 1 in Summonings
 11791 | D:8      | Found a burning altar of Makhleb.
 11886 | D:9      | Found a hazy altar of Hepliaklqana.
 11888 | D:9      | Noticed Prince Ribbit
 11909 | D:9      | Noticed a kobold demonologist
 11909 | D:9      | Found a staircase to the Lair.
 11917 | D:9      | Killed a kobold demonologist
 11918 | D:9      | Reached skill level 9 in Fighting
 11935 | D:9      | Noticed a kobold demonologist
 11936 | D:9      | Noticed a soul eater
 11940 | D:9      | Slain by a soul eater

Illustrated notes

Levels and vault maps discovered:
D:1:      amcnicky_arrival_flooded_fountain, layout_loops_ring, serial_shops,
          shop, shop, nicolae_shop_gaudy_bauble,
          shapermc_ecumenical_altar_mp_vishouse, eino_curves_01,
          minmay_hexomino_p4
D:2:      layout_loops_cross, kennysheep_decorative_pillar,
          minmay_misc_feat_tower, minmay_crystal_room
D:3:      layout_rooms, serial_bayou_pond_d, minivault_23
D:4:      layout_basic, led_sif_book, enter_ossuary_1,
          nicolae_figureground_pulse
D:5:      layout_loops_ring, minmay_temple_entry_glass, serial_shops, shop_coins
D:6:      layout_basic, minmay_misc_feat_diagonals, uniq_sigmund
D:7:      layout_basic, uniq_pikel
D:8:      layout_cave_pools, mainiacjoe_overflow_paths,
          makhleb_blood_cavern_becter
D:9:      dragon1_lemuel, layout_rooms, mainiacjoe_overflow_boulevard,
          lair_entry_dummy, enter_bailey_6, kennysheep_cross_room,
          uniq_prince_ribbit1
Temple:   jpeg_temple_alley_garden

Skill      XL: |  1  2  3  4  5  6  7  8  9 10 |
---------------+-------------------------------+-----
Conjurations   | 4 5 6 7 8 |  8.0
Fighting       | 3 4 5 6 8 9 |  9.0
Spellcasting   | 3 4 5 7 |  7.5
Ice Magic      | 2 4 7 |  7.1
Fire Magic     | 1 6 |  6.0
Maces & Flails | 3 |  3.0
Summonings     | 3 |  3.0
Long Blades    | |  3.6
Dodging        | |  2.1

Action                     |  1- 3 |  4- 6 |  7- 9 | 10-12 || total
---------------------------+-------+-------+-------+-------++-------
  Melee: Falchion          |   103 |   121 |   170 |     8 ||   402
         Punch             |       |     1 |     1 |       ||     2
         Whip              |       |       |       |    45 ||    45
  Throw: Stone             |       |       |     9 |    13 ||    22
   Cast: Kiss of Death     |     2 |     2 |     3 |       ||     7
         Hailstorm         |       |       |    91 |    20 ||   111
         Momentum Strike   |       |       |    16 |       ||    16
         Sticky Flame      |       |       |    17 |    29 ||    46
Ability: Hop               |       |     1 |     8 |     2 ||    11
    Use: Scroll            |       |     5 |     5 |     2 ||    12
         Potion            |       |     1 |     2 |       ||     3
 Armour: Leather armour    |    72 |    90 |   169 |    67 ||   398
         Skin              |       |       |    11 |       ||    11
  Dodge: Dodged            |    54 |    56 |   123 |    55 ||   288

Table legend: (Time is in decaauts)
 A = Elapsed time spent in this place.
 B = Non-inter-level travel time spent in this place.
 C = Inter-level travel time spent in this place.
 D = Time resting spent in this place.
 E = Time spent auto-exploring this place.
 F = Levels seen in this place.
 G = Mean time per level.
                   A        B        C        D        E       F      G
               +--------+--------+--------+--------+--------+-----+--------+
         Total |  13302 |  12427 |    875 |   4117 |   5137 |  11 | 1209.3 |
       Dungeon |  10958 |  10126 |    832 |   2838 |   5000 |   9 | 1217.6 |
        Temple |     89 |     46 |     43 |      0 |      0 |   1 |   89.0 |
       Ossuary |   2254 |   2254 |      0 |   1279 |    137 |   1 | 2254.0 |
               +--------+--------+--------+--------+--------+-----+--------+

Top non-repeatable levels by time:
 Ossuary: 2254 daAuts
     D:4: 2081 daAuts
     D:7: 1856 daAuts
     D:5: 1675 daAuts
     D:1: 1332 daAuts
     D:2: 1132 daAuts
     D:6: 1118 daAuts
     D:8: 1091 daAuts
     D:3: 629 daAuts
  Temple: 89 daAuts
     D:9: 40 daAuts
